 Dungeon Crawl Stone Soup version 0.17-a0-1951-g62301d3 (webtiles) character file.

274 brucemayne the Cleaver (level 6, -9/76 HPs)
             Began as a Hill Orc Berserker on Oct 2, 2015.
             Was a Believer of Trog.
             Mangled by a black bear (10 damage)
             ... on level 4 of the Dungeon.
             The game lasted 00:03:53 (784 turns).

brucemayne the Cleaver (Hill Orc Berserker)          Turns: 784, Time: 00:03:53

Health: -9/76      AC:  6    Str: 26    XL:     6   Next: 24%
Magic:  6/6        EV: 11    Int:  7    God:    Trog [**....]
Gold:   72         SH:  0    Dex: 11    Spells: 0 memorised, 5 levels left

rFire  . . .     SeeInvis .     a - +0 hand axe
rCold  . . .     Clarity  .     l - +0 ring mail (curse)
rNeg   . . .     SustAt   .     (no shield)
rPois  .         Gourm    .     (no helmet)
rElec  .         Spirit   .     (no cloak)
rCorr  .         Warding  .     g - +0 pair of gloves
rMut   .         Stasis   .     (no boots)
MR     ++...                    (no amulet)
Stlth  ..........               (no ring)
                                (no ring)

@: berserking, regenerating, very quick, very resistant to hostile enchantments,
extremely unstealthy
A: no striking features
a: Burn Spellbooks, Berserk, Trog's Hand, Renounce Religion


You were on level 4 of the Dungeon.
You worshipped Trog.
Trog was pleased with you.
You were not hungry.

You visited 1 branch of the dungeon, and saw 6 of its levels.

You collected 72 gold pieces.

Inventory:

Hand weapons
 a - a +0 hand axe (weapon)
Missiles
 n - 4 tomahawks of returning (quivered)
Armour
 b - a +0 animal skin
 g - a +0 pair of gloves (worn)
 l - a cursed +0 ring mail (worn)
Scrolls
 f - 3 scrolls of identify {unknown}
 h - 3 scrolls of noise {unknown}
 i - a scroll of fear {unknown}
 j - a scroll of amnesia {unknown}
 k - 3 scrolls of remove curse {unknown}
 p - a scroll of random uselessness {unknown}
Potions
 d - 2 potions of haste {unknown}
 e - a potion of curing {unknown}
Comestibles
 c - 2 bread rations
 m - a royal jelly
 q - a meat ration


   Skills:
 - Level 3.6 Fighting
 + Level 9.0 Axes
 - Level 2.1 Armour
 - Level 1.5 Dodging


You had 5 spell levels left.
You didn't know any spells.

Dungeon Overview and Level Annotations

Branches:
Dungeon (6/15)
 Temple: D:4-7

Altars:


Message History

You hit the black bear.
The black bear is almost dead.
The black bear closely misses you. The black bear claws you.
* * * LOW HITPOINT WARNING * * *
The black bear barely misses you.
You hit the black bear.
The black bear is almost dead.
You barely miss the black bear.
The black bear is almost dead.
The black bear bites you.
* * * LOW HITPOINT WARNING * * *
The black bear claws you.
* * * LOW HITPOINT WARNING * * *
The black bear claws you.
* * * LOW HITPOINT WARNING * * *
Unknown command.
You hit the black bear.
The black bear is almost dead.
The black bear bites you!
You die...

#.# .# ###.###.######
...##........ #
#.##..###### #.
#.....# #.###.....#
#.[.<##..# ##.#.##..#
## #.#@##..# ..
#.#h##..###.#
#.#.........###
#######.####.........
........# ##.######
#######.# #.# #.#
###.######## #.#
#........... #####
#.# #.#.########


You could see a black bear (berserk).

Vanquished Creatures
  A scorpion (D:6)
  2 orc priests (D:5)
  A hound (D:5)
  2 orc wizards (D:5)
  An iguana (D:5)
  3 adders
  2 oozes
  An orc (D:5)
  3 goblins
  2 hobgoblins
  A kobold (D:2)
  A quokka (D:4)
  4 bats
  A giant cockroach (D:3)
  A giant newt (D:6)
26 creatures vanquished.

Notes
Turn   | Place    | Note
--------------------------------------------------------------
     0 | D:1      | brucemayne the Hill Orc Berserker began the quest for the Orb.
     0 | D:1      | Reached XP level 1. HP: 19/19 MP: 1/1
   321 | D:2      | Reached skill level 5 in Axes
   321 | D:2      | Reached XP level 2. HP: 26/26 MP: 2/2
   396 | D:2      | Reached XP level 3. HP: 18/31 MP: 3/3
   550 | D:5      | Entered Level 5 of the Dungeon
   558 | D:5      | Reached skill level 6 in Axes
   558 | D:5      | Reached XP level 4. HP: 35/39 MP: 4/4
   559 | D:5      | Acquired Trog's second power
   559 | D:5      | Reached skill level 7 in Axes
   559 | D:5      | Reached XP level 5. HP: 35/45 MP: 5/5
   561 | D:5      | Reached skill level 8 in Axes
   702 | D:6      | Reached XP level 6. HP: 51/51 MP: 6/6
   706 | D:6      | Noticed an orc warrior
   715 | D:5      | Noticed a black bear
   742 | D:4      | Reached skill level 9 in Axes
   772 | D:5      | Noticed a centaur
   783 | D:4      | HP: 1/76 [black bear (6)]
   784 | D:4      | Mangled by a black bear

Vault maps used:
D:1:      nagdon_arrival_double_spiral
D:2:      lightli_temple_of_fire, first_bread, grunt_ministairs_1
D:4:      wad_lake_hut, uniq_edmund
D:5:      uniq_menkaure, uniq_sigmund
D:6:      grunt_temple_overflow_open, minivault_27

Action                   |  1- 3 |  4- 6 || total
-------------------------+-------+-------++-------
Melee: Hand axe          |    52 |    22 ||    74
Invok: Berserk           |     3 |     3 ||     6
       Trog's Hand       |       |     1 ||     1
  Eat: Chunk             |     1 |     4 ||     5
